 Dungeon Crawl Stone Soup version 0.16.2-12-gd0ad4c3 (webtiles) character file.

226 Kloppie the Skirmisher (level 6, -4/34 HPs)
             Began as a Vine Stalker Berserker on Nov 1, 2015.
             Was a Priest of Trog.
             Slain by an orc
             ... wielding a +1 dagger of electrocution
              (16 damage)
             ... on level 3 of the Dungeon.
             The game lasted 00:06:10 (2147 turns).

Kloppie the Skirmisher (Vine Stalker Berserker)     Turns: 2147, Time: 00:06:11

Health: -4/34      AC: 10    Str: 21    XL:     6   Next: 1%
Magic:  0/8        EV:  7    Int:  7    God:    Trog [***...]
Gold:   132        SH:  0    Dex: 14    Spells: 0 memorised, 5 levels left

rFire  . . .     SeeInvis .     a - +0 mace
rCold  . . .     Clarity  .     s - +0 chain mail
rNeg   . . .     SustAb   .     (no shield)
rPois  .         Gourm    .     l - +0 helmet
rElec  .         Spirit   +     t - +0 cloak (curse)
rCorr  .         Warding  .     (no gloves)
rMut   .         Stasis   .     (no boots)
MR     ++...                    (no amulet)
Stlth  ..........               (no ring)
                                (no ring)

@: regenerating, heavily drained, very resistant to hostile enchantments,
extremely unstealthy
A: fangs 2, regeneration 2, magic shield, antimagic bite, no device heal 3, rot
immunity
a: Burn Spellbooks, Berserk, Trog's Hand, Renounce Religion


You were on level 3 of the Dungeon.
You worshipped Trog.
Trog was most pleased with you.
You were not hungry.

You visited 1 branch of the dungeon, and saw 3 of its levels.

You collected 132 gold pieces.

Inventory:

Hand weapons
 a - a +0 mace (weapon)
Missiles
 p - 3 poisoned needles
 u - 8 needles of paralysis
Armour
 l - a +0 helmet (worn)
 s - a +0 chain mail (worn)
 t - a cursed +0 cloak (worn)
Jewellery
 h - a +3 ring of evasion {unknown}
Scrolls
 b - 2 scrolls of magic mapping {unknown}
 d - 3 scrolls of random uselessness {unknown}
 f - 2 scrolls of remove curse {unknown}
 i - 4 scrolls of identify {unknown}
 j - 2 scrolls of fog {unknown}
 n - a scroll of noise {unknown}
 o - a scroll of teleportation {unknown}
 r - a scroll of immolation {unknown}
Potions
 e - 2 potions of curing {unknown}
 g - 2 potions of flight {unknown}
 m - a potion of might
Comestibles
 c - 2 bread rations
 k - a royal jelly
 q - a beef jerky
 v - a chunk of flesh


   Skills:
 + Level 4.6(2.9) Fighting
 + Level 4.4(2.7) Maces & Flails
 - Level 1.5(0.0) Armour
 - Level 1.5(0.0) Dodging


You had 5 spell levels left.
You didn't know any spells.

Dungeon Overview and Level Annotations

Branches:
Dungeon (3/15)

Altars:


Innate Abilities, Weirdness & Mutations

You have extremely sharp teeth.
You heal very quickly.
When hurt, damage is shared between your health and your magic reserves.
Your bite disrupts and absorbs the magic of your enemies.
Potions and wands cannot restore your health.
You are immune to rotting.


Message History

The orc hits you but does no damage.
Your chain mail prevents you from hitting the orc.
Your bite misses the orc. The orc barely misses you.
The orc hits you but does no damage. x2
You hit the orc. You bite the orc. You drain its power.
You feel invigorated.
The orc is severely wounded.
The orc hits you with a short sword. The orc hits you but does no damage.
The orc hits you but does no damage.
You are electrocuted!
* * * LOW HITPOINT WARNING * * *
The orc barely misses you.
You are too injured to fight recklessly!
You are too injured to fight recklessly!
You see here 28 arrows.
Use which ability? (? or * to list)
Your skin crawls.
You feel resistant to hostile enchantments.
You feel slightly more hungry. The orc hits you with a club.
* * * LOW HITPOINT WARNING * * *
The orc hits you but does no damage.
You are electrocuted!
You die...

##......##.#.............#.#....#
#######......#.#########........#
...#.........#...........#.#....#
##.#.#.......###.................
#.<..#..............(.....+......
.....#.......###..........###.#..
.....).####### #..........# #.#..
.....###########..........# #.##.
.......#........@[........# #.##.
###....#.......oo.........# #.###
#....#.....†..o########## #.###
#....#.........# #....
#(...#.......).....!..# #####
#....#................ #...
#....#########........ #.#.
###### #........ #.#. #.......
#####.#.


You could see 3 orcs.

Vanquished Creatures
  A worker ant (D:3)
  Robin (D:2)
  4 gnolls (D:3)
  6 adders
  3 worms
  An ooze (D:1)
  6 orcs (D:3)
  A giant cockroach (D:1)
  10 hobgoblins
  5 kobolds
  A quokka (D:2)
  8 bats
  2 giant newts (D:1)
  19 goblins
  9 rats
77 creatures vanquished.

Notes
Turn   | Place    | Note
--------------------------------------------------------------
     0 | D:1      | Kloppie, the Vine Stalker Berserker, began the quest for the Orb.
     0 | D:1      | Reached XP level 1. HP: 11/11 MP: 1/1
   255 | D:1      | Reached XP level 2. HP: 13/16 MP: 3/3
   283 | D:1      | Reached skill level 3 in Fighting
   417 | D:1      | Acquired Trog's second power
   949 | D:2      | Reached XP level 3. HP: 20/20 MP: 4/4
  1299 | D:2      | Noticed Robin
  1319 | D:2      | Reached XP level 4. HP: 23/25 MP: 5/5
  1397 | D:2      | Killed Robin
  1655 | D:3      | Reached skill level 4 in Fighting
  1677 | D:3      | Reached XP level 5. HP: 11/29 MP: 7/7
  2129 | D:3      | Gained mutation: You heal very quickly. [vine stalker growth]
  2129 | D:3      | Reached XP level 6. HP: 30/34 MP: 8/8
  2147 | D:3      | Slain by an orc

Action                   |  1- 3 |  4- 6 || total
-------------------------+-------+-------++-------
Melee: Mace              |    99 |   132 ||   231
Invok: Trog's Hand       |       |     4 ||     4
       Berserk           |       |     2 ||     2
 Stab: Sleeping          |     1 |       ||     1
  Eat: Chunk             |     1 |     6 ||     7
